[Event "January 2 Late 2024"]
[Site "https://www.chess.com"]
[Date "2024.01.02"]
[Round "8"]
[White "Tifferet, Shakked"]
[Black "Kekic, Armin"]
[Result "1-0"]
[Board "101"]
[TimeControl "180+1"]
[WhiteFideId "2811529"]
[BlackFideId "14401274"]
[WhiteElo "2505"]
[BlackElo "2352"]
[WhiteTeam "ISR"]
[BlackTeam "BIH"]
[WhiteClock "0:01:30"]
[BlackClock "0:01:44"]

1. e4 c5 2. Nf3 e6 3. b3 Nf6 4. e5 Nd5 5. Bb2 d6 6. Bd3 dxe5 7. Nxe5 Nd7 8. O-O N7f6 9. Nc3 Nxc3 10. Bxc3 Be7 11. Bb5+ Kf8 12. Qf3 a6 13. Bc4 Qc7 14. Rfe1 Bd6 15. a4 Ke7 16. d4 cxd4 17. Bxd4 Rd8 18. Rad1 Bc5 19. Bxc5+ Qxc5 20. Rxd8 Kxd8 21. Nxf7+ Ke7 22. Ne5 Rb8 23. Qg3 Kf8 24. Nd3 Qa7 25. Qd6+ Kg8 26. Qd8+ Kf7 27. Ne5# 1-0

[Event "January 2 Late 2024"]
[Site "https://www.chess.com"]
[Date "2024.01.02"]
[Round "8"]
[White "Ardila, Oscar Humberto"]
[Black "Jaiveer Mahendru"]
[Result "0-1"]
[Board "102"]
[TimeControl "180+1"]
[WhiteFideId "4404742"]
[BlackFideId "25611151"]
[WhiteElo "2340"]
[BlackElo "2503"]
[WhiteTeam "COL"]
[BlackTeam "IND"]
[WhiteClock "0:00:10"]
[BlackClock "0:00:14"]

1. d4 d5 2. c4 e6 3. Nc3 Nf6 4. Bg5 Be7 5. Nf3 h6 6. Bh4 g5 7. Bg3 b6 8. e3 Bb7 9. Be2 O-O 10. h4 g4 11. Ne5 h5 12. O-O Nbd7 13. f3 Nxe5 14. Bxe5 Nd7 15. fxg4 Nxe5 16. dxe5 Bc5 17. g5 Bxe3+ 18. Kh1 d4 19. Nb1 Kg7 20. Bf3 Qc8 21. Na3 Rb8 22. Bxb7 Qxb7 23. Qxh5 Qe4 24. Qh6+ Kg8 25. Rf6 d3 26. Qh5 Qh7 27. Rh6 Qg7 28. Rf1 d2 29. Rhf6 Rbd8 30. Nc2 Bc5 31. Rd1 Qh7 32. Qxh7+ Kxh7 33. b4 Be7 34. Rf2 Kg6 35. Rfxd2 Rxd2 36. Rxd2 Rh8 37. g3 Bxg5 38. Rd7 Bd8 39. Kg2 Kf5 40. Rxf7+ Kxe5 41. Kf3 Rg8 42. Ne3 Kd4 43. Rd7+ Kc3 44. c5 Kxb4 45. cxb6 axb6 46. h5 c5 47. h6 Bf6 48. h7 Rf8 49. Ng4 Bh8+ 50. Ke4 c4 51. Ne5 c3 52. Ng6 Rc8 53. Rd1 c2 54. Rc1 Kc3 55. Nxh8 Rxh8 56. Rh1 Kb2 57. Ke5 c1=Q 58. Rxc1 Kxc1 59. Kxe6 Rxh7 60. g4 Kb2 61. g5 Kxa2 62. g6 Rh1 63. g7 Rg1 64. Kf7 b5 65. g8=Q Rxg8 66. Kxg8 b4 0-1

[Event "January 2 Late 2024"]
[Site "https://www.chess.com"]
[Date "2024.01.02"]
[Round "8"]
[White "Garcia Almaguer, Juan Manuel"]
[Black "Biernacki, Mark"]
[Result "1-0"]
[Board "103"]
[TimeControl "180+1"]
[WhiteFideId "5110491"]
[BlackFideId "2082322"]
[WhiteElo "2491"]
[BlackElo "2332"]
[WhiteTeam "MEX"]
[BlackTeam "USA"]
[WhiteClock "0:00:15"]
[BlackClock "0:00:04"]

1. e4 c6 2. d4 d5 3. e5 Bf5 4. Bd3 Bxd3 5. Qxd3 e6 6. c3 Nd7 7. Nd2 Ne7 8. Ne2 c5 9. O-O Nc6 10. f4 cxd4 11. cxd4 Nb4 12. Qb1 Rc8 13. Nc3 Qb6 14. Nf3 Nc6 15. Be3 g6 16. Kh1 h5 17. Ng5 Ne7 18. a4 a6 19. a5 Qb4 20. Ra4 Qb3 21. Bg1 Nf5 22. Qa2 Qxa2 23. Rxa2 Rc4 24. Nf3 h4 25. Bf2 Ng3+ 26. hxg3 hxg3+ 27. Kg1 gxf2+ 28. Kxf2 Be7 29. Ke3 Nb8 30. Nd2 Rc8 31. Na4 Nc6 32. Nb6 Rc7 33. Rc1 Rh2 34. Kf2 Bh4+ 35. Kg1 Bg3 36. Nf1 Bxf4 37. Rc3 Rh7 38. b4 Kd8 39. Rac2 f6 40. g3 Bg5 41. Na8 Rc8 42. Nb6 Rcc7 43. Na8 Rcf7 44. Rxc6 bxc6 45. Rxc6 fxe5 46. dxe5 Rb7 47. Nb6 Rhe7 48. Rc8# 1-0

[Event "January 2 Late 2024"]
[Site "https://www.chess.com"]
[Date "2024.01.02"]
[Round "8"]
[White "Rodriguez Avila, Alvaro"]
[Black "Flynn, Jacob"]
[Result "0-1"]
[Board "104"]
[TimeControl "180+1"]
[WhiteFideId "24570249"]
[BlackFideId "2509393"]
[WhiteElo "2318"]
[BlackElo "2485"]
[WhiteTeam "ESP"]
[BlackTeam "IRL"]
[WhiteClock "0:00:05"]
[BlackClock "0:00:57"]

1. e4 e5 2. Nf3 Nc6 3. Bb5 a6 4. Ba4 Nf6 5. O-O Be7 6. Re1 b5 7. Bb3 O-O 8. a4 Bb7 9. d3 d6 10. c3 Na5 11. Bc2 c5 12. Nbd2 Nc6 13. Nf1 Re8 14. Ng3 h6 15. Be3 Bf8 16. d4 cxd4 17. cxd4 exd4 18. Nxd4 Nxd4 19. Bxd4 Rc8 20. Bd3 b4 21. Qb3 d5 22. e5 Nd7 23. Bf1 Nc5 24. Bxc5 Bxc5 25. Rad1 Qb6 26. Rd2 g6 27. Bd3 Re7 28. Kh1 Rce8 29. Rde2 Bxf2 30. a5 Qa7 31. Rf1 Bc5 32. Qc2 Re6 33. Qc1 Bf8 34. Qf4 Bc6 35. Qg4 Bb5 36. Bxb5 axb5 37. h4 Rxe5 38. Rxe5 Rxe5 39. Rc1 Qe7 40. a6 Re1+ 41. Rxe1 Qxe1+ 42. Kh2 Qa1 43. Qc8 Kg7 44. Qb8 Qxa6 45. Qe5+ Qf6 46. Qxd5 Qxb2 47. Qxb5 Bd6 48. Kh3 Qc3 0-1

[Event "January 2 Late 2024"]
[Site "https://www.chess.com"]
[Date "2024.01.02"]
[Round "8"]
[White "Tikhonov, Viacheslav"]
[Black "Arlo2024"]
[Result "1-0"]
[Board "105"]
[TimeControl "180+1"]
[WhiteFideId "44196407"]
[WhiteElo "2480"]
[BlackElo "2276"]
[WhiteTeam "RUS"]
[WhiteClock "0:00:47"]
[BlackClock "0:00:19"]

1. d4 Nf6 2. c4 c5 3. dxc5 Na6 4. g3 Nxc5 5. Bg2 g6 6. Nc3 Bg7 7. Nh3 O-O 8. O-O d6 9. Nf4 a6 10. Be3 Rb8 11. Rc1 Qa5 12. a3 Ng4 13. Nfd5 Nxe3 14. Nxe7+ Kh8 15. fxe3 Qd8 16. Ned5 b5 17. cxb5 axb5 18. Nb4 Qg5 19. Qxd6 Qxe3+ 20. Kh1 Bb7 21. Ncd5 Ne4 22. Qxf8+ Rxf8 23. Nxe3 Bxb2 24. Rc7 Ba8 25. Rfxf7 Nf2+ 26. Kg1 Rxf7 27. Rxf7 Bd4 28. Kxf2 Bxg2 29. Kxg2 Bxe3 30. Rb7 1-0

[Event "January 2 Late 2024"]
[Site "https://www.chess.com"]
[Date "2024.01.02"]
[Round "8"]
[White "Dmitriev, Sergey"]
[Black "Petre, Nad-Titus"]
[Result "0-1"]
[Board "106"]
[TimeControl "180+1"]
[WhiteFideId "14101785"]
[BlackFideId "1204165"]
[WhiteElo "2043"]
[BlackElo "2479"]
[WhiteTeam "UKR"]
[BlackTeam "ROU"]
[WhiteClock "0:00:51"]
[BlackClock "0:01:23"]

1. e4 d5 2. exd5 Nf6 3. d4 Bg4 4. Be2 Bxe2 5. Nxe2 Qxd5 6. O-O e6 7. Nbc3 Qh5 8. Ng3 Qxd1 9. Rxd1 Nc6 10. d5 exd5 11. Nxd5 O-O-O 12. c4 Nxd5 13. cxd5 Nb4 14. Be3 Nxd5 15. Bd4 Rg8 16. Rac1 g6 17. Ne4 Bh6 18. Rc2 b6 19. Bf6 Nxf6 20. Rdc1 Bxc1 0-1

[Event "January 2 Late 2024"]
[Site "https://www.chess.com"]
[Date "2024.01.02"]
[Round "8"]
[White "Blanco Ronquillo, Humberto L."]
[Black "Jing, Andrew"]
[Result "1-0"]
[Board "107"]
[TimeControl "180+1"]
[WhiteFideId "3504239"]
[BlackFideId "30984076"]
[WhiteElo "2684"]
[BlackElo "2173"]
[WhiteTeam "CUB"]
[BlackTeam "USA"]
[WhiteClock "0:02:42"]
[BlackClock "0:02:34"]

1. e4 e5 2. Nf3 Nc6 3. d4 exd4 4. Nxd4 Nf6 5. Nxc6 bxc6 6. e5 Qe7 7. Qe2 Nd5 8. c4 Ba6 9. b3 g6 10. f4 Bg7 11. Qf2 Nb6 12. Ba3 d6 13. Nc3 c5 14. O-O-O O-O 15. Bd3 dxe5 16. Bxc5 Qf6 17. Ne4 Qxf4+ 18. Qxf4 exf4 19. Bxf8 Rxf8 20. Kc2 f5 21. Nc5 Bc8 22. Rhe1 Bd4 23. Ne6 Bxe6 24. Rxe6 Be3 25. b4 Kf7 26. Rc6 Rc8 27. c5 Nd5 28. Bc4 1-0

[Event "January 2 Late 2024"]
[Site "https://www.chess.com"]
[Date "2024.01.02"]
[Round "8"]
[White "Filipovic, Slobodan J"]
[Black "Goryachkina, Aleksandra"]
[Result "0-1"]
[Board "108"]
[TimeControl "180+1"]
[WhiteFideId "939633"]
[BlackFideId "4147103"]
[WhiteElo "2417"]
[BlackElo "2629"]
[WhiteTeam "SRB"]
[BlackTeam "FID"]
[WhiteClock "0:00:04"]
[BlackClock "0:00:59"]

1. c4 Nf6 2. Nc3 e5 3. g3 Bb4 4. Na4 Be7 5. Bg2 O-O 6. d3 c6 7. Bg5 d5 8. cxd5 cxd5 9. Nc3 d4 10. Nb1 Nc6 11. Bxf6 Bxf6 12. Nd2 Be6 13. Ngf3 Rc8 14. O-O Qb6 15. b3 Qb4 16. Nc4 b5 17. Ncd2 Be7 18. h4 h6 19. Rc1 Qa5 20. Rxc6 Rxc6 21. Nxe5 Rc7 22. a4 Bb4 23. Ndf3 Bc3 24. axb5 Qxb5 25. Nc4 Rb8 26. Nfd2 a5 27. e4 dxe3 28. fxe3 Qb4 29. Ne4 Qxb3 30. Nxc3 Qxc3 31. Nd2 Qxd3 32. Be4 Qxe3+ 33. Kh1 Rd7 34. Qh5 Qxd2 35. Bh7+ Kxh7 36. Qxf7 Bxf7 37. Rxf7 0-1

[Event "January 2 Late 2024"]
[Site "https://www.chess.com"]
[Date "2024.01.02"]
[Round "8"]
[White "Vlassov, Nikolai"]
[Black "Baules Rodriguez, Jorge Luis"]
[Result "1/2-1/2"]
[Board "109"]
[TimeControl "180+1"]
[WhiteFideId "4103360"]
[BlackFideId "6600247"]
[WhiteElo "2626"]
[BlackElo "2417"]
[WhiteTeam "FID"]
[BlackTeam "PAN"]
[WhiteClock "0:00:03"]
[BlackClock "0:00:03"]

1. e4 e5 2. Bc4 Nf6 3. d3 c6 4. Nf3 d5 5. Bb3 Bd6 6. Nc3 O-O 7. Bg5 h6 8. Bxf6 Qxf6 9. exd5 Bg4 10. dxc6 Nxc6 11. Ne4 Qe7 12. Nxd6 Qxd6 13. h3 Bh5 14. g4 Bg6 15. Nh4 Bh7 16. Qd2 Qf6 17. Nf5 Bxf5 18. gxf5 Nd4 19. O-O-O Qxf5 20. Bd5 Rac8 21. c3 Qd7 22. Bg2 Ne6 23. Rhe1 Nf4 24. Bf1 f6 25. d4 Rfd8 26. dxe5 Qf5 27. Qxd8+ Rxd8 28. Rxd8+ Kf7 29. e6+ Nxe6 30. Rd7+ Kf8 31. Rxb7 Qf4+ 32. Kb1 Qxf2 33. Rd1 Qf5+ 34. Bd3 Qf3 35. Rb8+ Ke7 36. Bc2 f5 37. Bb3 Nc5 38. Re1+ Kd7 39. Bc2 Qf2 40. Rd1+ Ke7 41. Ra8 Ne4 42. a4 Qb6 43. Ka2 Kf6 44. Rf8+ Ke7 45. Rg8 Qf6 46. Bb3 Nc5 47. Re1+ Kd7 48. Rge8 Nxb3 49. Kxb3 Qf7+ 50. Kb4 Qxe8 51. Rxe8 Kxe8 52. Kc5 g5 53. Kd5 h5 54. Ke5 g4 55. hxg4 fxg4 56. Kf4 Kd7 57. b4 Kc6 58. c4 Kb6 59. Kg3 Kc6 60. Kh4 Kd6 61. Kg3 Ke5 62. Kg2 Kd4 63. c5 Kd5 64. Kg3 a5 65. b5 Kxc5 66. Kh4 Kd5 67. Kg3 Kc5 68. Kh4 Kb6 69. Kg3 Kc7 70. Kh4 Kd7 71. Kg3 Kd6 72. Kh4 Ke6 73. Kg3 Ke7 74. Kh4 Kd7 75. Kg3 Kc8 76. Kh4 Kc7 77. Kg3 Kb6 78. Kh4 Kb7 1/2-1/2

[Event "January 2 Late 2024"]
[Site "https://www.chess.com"]
[Date "2024.01.02"]
[Round "8"]
[White "Awoki, Daniel Teidi"]
[Black "Grycel, Kamil"]
[Result "1-0"]
[Board "110"]
[TimeControl "180+1"]
[WhiteFideId "2100827"]
[BlackFideId "1115499"]
[WhiteElo "2414"]
[BlackElo "2570"]
[WhiteTeam "BRA"]
[BlackTeam "POL"]
[WhiteClock "0:00:24"]
[BlackClock "0:00:04"]

1. e4 d6 2. d4 Nf6 3. Nc3 c6 4. a4 Qc7 5. h3 e5 6. Nf3 Be7 7. Bc4 O-O 8. O-O Nbd7 9. Qe2 exd4 10. Nxd4 Ne5 11. Bb3 Ng6 12. Be3 c5 13. Ndb5 Qb8 14. Nd5 Nxd5 15. Bxd5 a6 16. Nc3 Bf6 17. f4 Qc7 18. Rab1 Rb8 19. g4 b5 20. axb5 axb5 21. Nxb5 Rxb5 22. Qxb5 Ne7 23. g5 Nxd5 24. exd5 Bd4 25. Bxd4 cxd4 26. Qd3 Qc5 27. Rfd1 Qxd5 28. Qxd4 Qf3 29. Rd3 Qh5 30. Re1 Bf5 31. Rde3 Bxh3 32. Rg3 Be6 33. Qxd6 Qg6 34. Qd2 Rc8 35. c3 Qf5 36. Re5 Qb1+ 37. Kh2 g6 38. Rd3 Kg7 39. Re1 Qa2 40. Rd6 Rc4 41. Rd4 Rc6 42. Rb4 Qa6 43. Qd4+ Kf8 44. Rb8+ Bc8 45. Qd8+ Kg7 46. Qd4+ Kf8 47. Qh8# 1-0

[Event "January 2 Late 2024"]
[Site "https://www.chess.com"]
[Date "2024.01.02"]
[Round "8"]
[White "Carrasco Miranda, Andres"]
[Black "AmanteDeMoi"]
[Result "1-0"]
[Board "111"]
[TimeControl "180+1"]
[WhiteFideId "3405990"]
[WhiteElo "2402"]
[BlackElo "2559"]
[WhiteTeam "CHI"]
[WhiteClock "0:01:03"]
[BlackClock "0:00:21"]

1. Nf3 g6 2. c4 Bg7 3. g3 e5 4. Bg2 e4 5. Ng1 f5 6. d3 exd3 7. exd3 Nf6 8. Nf3 O-O 9. O-O b6 10. Ng5 c6 11. d4 h6 12. Nh3 g5 13. Nc3 d6 14. d5 c5 15. Re1 f4 16. Ne4 Nxd5 17. Qxd5+ Kh8 18. Qxa8 f3 19. Bf1 Qc7 20. Qd5 Be5 21. Bd2 Nc6 22. Bc3 Nd4 23. Bxd4 cxd4 24. Nd2 Qg7 25. Qe4 Bb7 26. Qd3 g4 27. Nf4 Bxf4 28. gxf4 Qf6 29. f5 h5 30. Re6 Qg5 31. Qxd4+ Kh7 32. Ne4 Qxf5 33. Re7+ Rf7 34. Rxf7+ Qxf7 35. Ng5+ 1-0

[Event "January 2 Late 2024"]
[Site "https://www.chess.com"]
[Date "2024.01.02"]
[Round "8"]
[White "Cervantes Landeiro, Thalia"]
[Black "RemcoSpr"]
[Result "0-1"]
[Board "112"]
[TimeControl "180+1"]
[WhiteFideId "3520498"]
[WhiteElo "2554"]
[BlackElo "2389"]
[WhiteTeam "USA"]
[WhiteClock "0:00:00"]
[BlackClock "0:00:09"]

1. d4 Nf6 2. c4 c5 3. d5 e6 4. Nc3 exd5 5. cxd5 d6 6. Nf3 g6 7. e4 Bg7 8. Nd2 O-O 9. Be2 a6 10. a4 Re8 11. O-O Nbd7 12. Qc2 Ne5 13. h3 g5 14. Nc4 Nxc4 15. Bxc4 h6 16. f4 g4 17. e5 dxe5 18. fxe5 Rxe5 19. Bf4 Re8 20. d6 gxh3 21. Qg6 Be6 22. Bxe6 Rxe6 23. Qf5 hxg2 24. Rfe1 Qd7 25. Rxe6 Qxe6 26. Qxe6 fxe6 27. Kxg2 Nd5 28. Nxd5 exd5 29. Re1 Bxb2 30. d7 Kf7 31. Rb1 Bf6 32. Rxb7 Bd8 33. Bxh6 Ke6 34. Kf3 Kd6 35. Bf4+ Kc6 36. Rb1 Kxd7 37. Ke3 Kc6 38. Kd3 c4+ 39. Kc2 Bb6 40. Rh1 Rf8 41. Rh6+ Kb7 42. Rh7+ Ka8 43. Bg3 a5 44. Rh6 Kb7 45. Rh7+ Ka6 46. Bd6 Rc8 47. Rh6 Rc6 48. Rf6 d4 49. Kd2 d3 50. Be5 Rxf6 51. Bxf6 Bc5 0-1

[Event "January 2 Late 2024"]
[Site "https://www.chess.com"]
[Date "2024.01.02"]
[Round "8"]
[White "Bueno, Alfeu Junior Varela"]
[Black "Banerjee, Supratit"]
[Result "0-1"]
[Board "113"]
[TimeControl "180+1"]
[WhiteFideId "2108879"]
[BlackFideId "2410079"]
[WhiteElo "2381"]
[BlackElo "2551"]
[WhiteTeam "BRA"]
[BlackTeam "SCO"]
[WhiteClock "0:00:03"]
[BlackClock "0:00:19"]

1. e4 e6 2. d4 d5 3. Nd2 dxe4 4. Nxe4 Nd7 5. Bd3 Ngf6 6. Qe2 c5 7. dxc5 Nxc5 8. Nxc5 Bxc5 9. Nf3 O-O 10. Bg5 b6 11. O-O-O Qe7 12. Bxf6 gxf6 13. Qe4 f5 14. Qf4 Bb7 15. Qh6 f6 16. Bc4 Rad8 17. Rhe1 Rxd1+ 18. Kxd1 Be4 19. Nd2 Rd8 20. Kc1 Bd5 21. Qh4 Bb4 22. c3 Bc5 23. Bxd5 Rxd5 24. Nb3 Bd6 25. Nd4 Be5 26. Nf3 Qc7 27. Nxe5 Rxe5 28. Rd1 Rd5 29. Rxd5 exd5 30. Qxf6 Qf4+ 31. Kd1 Qxf2 32. Qe6+ Kg7 33. Qe7+ Kg6 34. Qe8+ Kf6 35. Qf8+ Ke6 36. Qe8+ Kd6 37. Qd8+ Kc6 38. Qc8+ Kb5 39. Qd7+ Ka6 40. Qxd5 Qxb2 41. c4 Qa1+ 42. Kc2 Qxa2+ 43. Kc3 Qa5+ 44. Qxa5+ Kxa5 45. Kb3 Ka6 46. Kb4 Kb7 47. c5 a5+ 48. Kb5 bxc5 49. Kxc5 Ka6 50. g3 h6 51. h3 h5 52. h4 a4 53. Kb4 Kb6 54. Kxa4 Kc5 55. Kb3 Kd4 56. Kb4 Ke3 57. Kc4 Kf3 58. Kd5 Kxg3 59. Ke5 f4 0-1

[Event "January 2 Late 2024"]
[Site "https://www.chess.com"]
[Date "2024.01.02"]
[Round "8"]
[White "Marcziter, Dmitrii"]
[Black "Lymar, Vladislav"]
[Result "0-1"]
[Board "114"]
[TimeControl "180+1"]
[WhiteFideId "13900765"]
[BlackFideId "14162180"]
[WhiteElo "2380"]
[BlackElo "2545"]
[WhiteTeam "GER"]
[BlackTeam "UKR"]
[WhiteClock "0:00:00"]
[BlackClock "0:00:33"]

1. d4 f5 2. g3 Nf6 3. Bg2 g6 4. Nh3 Bg7 5. Nf4 O-O 6. h4 d6 7. c3 e5 8. Qb3+ Kh8 9. Ne6 Bxe6 10. Qxe6 e4 11. Bg5 h6 12. Nd2 d5 13. O-O-O Qe8 0-1

[Event "January 2 Late 2024"]
[Site "https://www.chess.com"]
[Date "2024.01.02"]
[Round "8"]
[White "Rios Escobar, Adan"]
[Black "Estrada Nieto, Julian"]
[Result "0-1"]
[Board "115"]
[TimeControl "180+1"]
[WhiteFideId "3403645"]
[BlackFideId "5101018"]
[WhiteElo "2377"]
[BlackElo "2512"]
[WhiteTeam "CHI"]
[BlackTeam "ESP"]
[WhiteClock "0:00:00"]
[BlackClock "0:00:19"]

1. d4 d5 2. g3 Nf6 3. Nf3 c6 4. c4 dxc4 5. Bg2 Bf5 6. O-O e6 7. Ne5 Nbd7 8. Nxc4 Be7 9. Nc3 O-O 10. e4 Bg6 11. Bf4 Nb6 12. Na5 Qd7 13. Re1 Bb4 14. Nb3 Rfd8 15. Qe2 a5 16. Rad1 a4 17. Nc5 Qe7 18. g4 a3 19. g5 Ne8 20. h4 Bxc5 21. dxc5 Qxc5 22. h5 axb2 23. hxg6 Qxc3 24. gxf7+ Kxf7 25. Qh5+ Kg8 26. Bh3 Qc4 27. g6 Nf6 28. gxh7+ Kh8 29. Qg6 Rxd1 30. Rxd1 Qc2 31. Re1 b1=Q 32. Rxb1 Qxb1+ 33. Kh2 Qxe4 34. Qxe4 Nxe4 35. Bxe6 Nd5 36. Be5 Re8 37. Bxd5 cxd5 38. Bd4 Kxh7 39. a4 Ra8 40. Kg2 Rxa4 41. Bb6 Ra2 42. Bc7 Kg6 43. Kf3 Rxf2+ 44. Ke3 Rc2 45. Bb8 Kf5 46. Kd4 Rc8 47. Ba7 Rd8 48. Bb6 Rd7 49. Ba5 g5 50. Be1 g4 51. Ke3 b5 52. Bb4 g3 53. Kf3 Rg7 54. Kg2 Kg4 0-1

[Event "January 2 Late 2024"]
[Site "https://www.chess.com"]
[Date "2024.01.02"]
[Round "8"]
[White "Salazar Farias, Luis German"]
[Black "Paragua, Megan Althea"]
[Result "1-0"]
[Board "116"]
[TimeControl "180+1"]
[WhiteFideId "3902170"]
[BlackFideId "30973007"]
[WhiteElo "2499"]
[BlackElo "2373"]
[WhiteTeam "VEN"]
[BlackTeam "USA"]
[WhiteClock "0:00:11"]
[BlackClock "0:00:03"]

1. d4 Nf6 2. c4 e6 3. Nf3 d5 4. g3 Be7 5. Bg2 O-O 6. O-O dxc4 7. Qc2 a6 8. a4 Nc6 9. Qxc4 Qd5 10. Nbd2 Rb8 11. e3 b6 12. Qxd5 Nxd5 13. Nc4 Bb7 14. Bd2 Rfd8 15. Rfc1 Bb4 16. Be1 Kf8 17. Nfe5 Nxe5 18. Bxb4+ Nxb4 19. Nxe5 f6 20. Nc4 Bxg2 21. Kxg2 Rd7 22. Nd2 c5 23. Nb3 Nd3 24. Rc3 Nxb2 25. dxc5 Rc7 26. Rcc1 Nd3 27. Rc3 Nxc5 28. Nd4 Ke7 29. a5 b5 30. Rac1 Rbc8 31. Nb3 Kd6 32. Rd1+ Ke7 33. Rdc1 Kd6 34. Rd1+ Ke5 35. Rdc1 Kd5 36. Rd1+ Ke4 37. Rdc1 Kd5 38. e4+ Ke5 39. Rxc5+ Rxc5 40. Rxc5+ Rxc5 41. Nxc5 b4 42. Kf3 b3 43. Nxb3 Kd6 44. Ke3 e5 45. Kd3 Kc6 46. Kc4 g6 47. Nc5 Kc7 48. f3 Kc6 49. Nxa6 Kb7 50. Nb4 Ka7 51. Kd5 Kb7 52. Ke6 Kc7 53. Kxf6 1-0

[Event "January 2 Late 2024"]
[Site "https://www.chess.com"]
[Date "2024.01.02"]
[Round "8"]
[White "Arias Igual, Alejandro"]
[Black "Shapiro, Viktor"]
[Result "0-1"]
[Board "117"]
[TimeControl "180+1"]
[WhiteFideId "2254905"]
[BlackFideId "4175700"]
[WhiteElo "2369"]
[BlackElo "2498"]
[WhiteTeam "ESP"]
[BlackTeam "RUS"]
[WhiteClock "0:00:00"]
[BlackClock "0:00:15"]

1. e4 c5 2. Nf3 d6 3. Bb5+ Nd7 4. a4 g6 5. O-O Bg7 6. Nc3 a6 7. Be2 e5 8. Bc4 Ngf6 9. d3 O-O 10. h3 h6 11. a5 Nb8 12. Bd2 Nc6 13. Nd5 Nxd5 14. Bxd5 Be6 15. c3 Bxd5 16. exd5 Ne7 17. Qb3 Qd7 18. Be3 Qb5 19. Qc2 Nxd5 20. c4 Nxe3 21. fxe3 Qc6 22. e4 b5 23. axb6 Qxb6 24. Ra2 Rfb8 25. Rfa1 a5 26. Nh2 f5 27. exf5 gxf5 28. Qe2 e4 29. dxe4 Re8 30. Qh5 fxe4 31. Qd5+ Kh8 32. Ng4 Qd8 33. Kh1 e3 34. Re1 e2 35. b3 Qh4 36. Raxe2 Red8 37. Re7 Ra7 38. Re8+ Bf8 39. Qe6 Kg7 0-1

[Event "January 2 Late 2024"]
[Site "https://www.chess.com"]
[Date "2024.01.02"]
[Round "8"]
[White "Gao, Raymond"]
[Black "xakevicius91"]
[Result "0-1"]
[Board "118"]
[TimeControl "180+1"]
[WhiteFideId "2629429"]
[WhiteElo "2363"]
[BlackElo "2496"]
[WhiteTeam "CAN"]
[WhiteClock "0:00:25"]
[BlackClock "0:02:02"]

1. e4 c5 2. Nf3 a6 3. c4 Nc6 4. d4 cxd4 5. Nxd4 e5 6. Nf5 d5 7. cxd5 Bxf5 8. dxc6 Qxd1+ 9. Kxd1 O-O-O+ 10. Ke1 Bxe4 11. cxb7+ Kxb7 12. Nc3 Bc6 13. f3 Bc5 14. Bc4 f5 15. Ke2 Nf6 16. Be3 Bxe3 17. Kxe3 f4+ 18. Ke2 Rd4 19. Bd3 Rhd8 20. Rhd1 g5 21. a3 g4 22. b4 h5 23. Bc2 h4 24. h3 gxf3+ 25. gxf3 Nh5 26. Ne4 Ng3+ 27. Nxg3 hxg3 28. Rxd4 Rxd4 29. h4 Bb5+ 30. Ke1 g2 31. Kf2 Rd2+ 32. Kg1 Rxc2 33. h5 e4 0-1

[Event "January 2 Late 2024"]
[Site "https://www.chess.com"]
[Date "2024.01.02"]
[Round "8"]
[White "Stojanovski, Sandi"]
[Black "Obon Temprano, Sergi"]
[Result "1/2-1/2"]
[Board "119"]
[TimeControl "180+1"]
[WhiteFideId "1403249"]
[BlackFideId "2226545"]
[WhiteElo "2492"]
[BlackElo "2361"]
[WhiteTeam "DEN"]
[BlackTeam "ESP"]
[WhiteClock "0:00:03"]
[BlackClock "0:00:05"]

1. d4 d5 2. c4 c6 3. Nf3 Nf6 4. Nc3 e6 5. e3 Nbd7 6. Qc2 Bb4 7. Bd3 dxc4 8. Bxc4 O-O 9. O-O Qe7 10. a3 Bd6 11. h3 e5 12. b4 Nb6 13. Bb3 exd4 14. Nxd4 Nbd5 15. Nxd5 Nxd5 16. Bb2 Nf6 17. Rfd1 Rd8 18. Nf5 Bxf5 19. Qxf5 Qe4 20. Qxe4 Nxe4 21. Rd3 Be7 22. Rad1 Rxd3 23. Rxd3 Rd8 24. Rxd8+ Bxd8 25. f3 Bf6 26. Bc1 Nc3 27. Kf2 Kf8 28. Ke1 Ke7 29. Kd2 Nb5 30. Kd3 g6 31. g4 Nd6 32. f4 Bg7 33. e4 f5 34. exf5 gxf5 35. g5 Ne4 36. Be3 b6 37. Bg8 h6 38. h4 c5 39. bxc5 Nxc5+ 40. Kc4 Ne4 41. Kb5 Nc3+ 42. Ka6 Nd5 43. Bc1 Nc7+ 44. Kb7 Ne6 45. Kxa7 Nd4 46. Kxb6 hxg5 47. hxg5 Kd6 48. Bb2 Ne2 49. Bxg7 Nxf4 50. Bf6 Nd3 51. Bh7 Ke6 52. a4 Nb4 53. a5 f4 54. a6 Nd5+ 55. Kc5 f3 56. Bd4 Nf4 57. a7 Kf7 58. a8=Q Ne6+ 59. Kd6 Nxd4 60. Qxf3+ Nxf3 61. g6+ Kg7 62. Kd5 Nh4 63. Ke4 Nxg6 1/2-1/2

[Event "January 2 Late 2024"]
[Site "https://www.chess.com"]
[Date "2024.01.02"]
[Round "8"]
[White "Mazi, Leon"]
[Black "Wendt, Jan-Dietrich"]
[Result "1-0"]
[Board "120"]
[TimeControl "180+1"]
[WhiteFideId "14600315"]
[BlackFideId "4623797"]
[WhiteElo "2489"]
[BlackElo "2353"]
[WhiteTeam "SLO"]
[BlackTeam "GER"]
[WhiteClock "0:00:58"]
[BlackClock "0:00:00"]

1. e4 c5 2. Nf3 e6 3. d4 cxd4 4. Nxd4 Nf6 5. Nc3 Nc6 6. Nxc6 bxc6 7. e5 Nd5 8. Ne4 f5 9. exf6 Nxf6 10. Nd6+ Bxd6 11. Qxd6 Ba6 12. c4 Qb6 13. Qa3 c5 14. Be3 d6 15. Qa4+ Kf7 16. Qc2 Bb7 17. f3 Rhf8 18. Bd3 Kg8 19. O-O e5 20. Rad1 Rae8 21. Bg5 e4 22. fxe4 Nxe4 23. Rxf8+ Kxf8 24. Rf1+ Kg8 25. Bf4 Qc6 26. h3 h6 27. Re1 Nf6 28. Rd1 Qd7 29. Bxd6 Be4 30. Bxe4 Nxe4 31. Bxc5 1-0

[Event "January 2 Late 2024"]
[Site "https://www.chess.com"]
[Date "2024.01.02"]
[Round "8"]
[White "Dobre, Claudiu-Cristian"]
[Black "Kleibel, Uwe"]
[Result "1-0"]
[Board "121"]
[TimeControl "180+1"]
[WhiteFideId "1211854"]
[BlackFideId "1270982"]
[WhiteElo "2487"]
[BlackElo "2344"]
[WhiteTeam "ROU"]
[BlackTeam "GER"]
[WhiteClock "0:00:28"]
[BlackClock "0:00:16"]

1. d4 d5 2. Nf3 Nf6 3. e3 c6 4. c4 Bf5 5. Nc3 e6 6. Nh4 Bg6 7. Qb3 Qc7 8. Bd2 Be7 9. h3 Nbd7 10. Be2 O-O 11. Nxg6 hxg6 12. Rc1 dxc4 13. Qxc4 e5 14. O-O exd4 15. Nb5 Qb6 16. Nxd4 Qxb2 17. Ba5 Ne5 18. Qc2 Qxc2 19. Rxc2 Rac8 20. Bc3 Ned7 21. Bf3 Rfe8 22. Rb1 Rb8 23. Nb3 c5 24. Na5 b6 25. Nc6 Rbc8 26. Nxa7 Rc7 27. Nb5 Rcc8 28. Na3 Bf8 29. Nc4 Rb8 30. Rcb2 Rec8 31. Nxb6 Nxb6 32. Rxb6 Rxb6 33. Rxb6 c4 34. a4 Nd7 35. Rc6 Rxc6 36. Bxc6 Nc5 37. a5 Nb3 38. a6 Bc5 39. Bd5 Kf8 40. Bxc4 Nc1 41. Bb2 1-0

[Event "January 2 Late 2024"]
[Site "https://www.chess.com"]
[Date "2024.01.02"]
[Round "8"]
[White "Bochnicka, Vladimir"]
[Black "Kostiukov, Alexandr"]
[Result "1-0"]
[Board "122"]
[TimeControl "180+1"]
[WhiteFideId "14943450"]
[BlackFideId "14108100"]
[WhiteElo "2478"]
[BlackElo "2343"]
[WhiteTeam "SVK"]
[BlackTeam "UKR"]
[WhiteClock "0:01:19"]
[BlackClock "0:00:00"]

1. e4 c5 2. Nf3 g6 3. d4 cxd4 4. Nxd4 Bg7 5. c4 Nc6 6. Be3 Nf6 7. Nc3 O-O 8. Be2 Nxd4 9. Bxd4 Qa5 10. O-O d6 11. a3 Be6 12. Rc1 Rfc8 13. Nd5 Bxd5 14. exd5 Qd8 15. Re1 Nd7 16. Bf1 Bxd4 17. Qxd4 a5 18. Rc3 Rc7 19. Rh3 Nf6 20. g4 Qd7 21. g5 Qg4+ 22. Qxg4 Nxg4 23. f4 f6 24. Rg3 h5 25. h3 fxg5 26. hxg4 gxf4 27. Rf3 g5 28. gxh5 Kg7 29. Bh3 Kh6 30. Bg4 Rf8 31. Re6+ Kh7 32. b3 Rf7 33. a4 b6 34. Kf1 Rc8 35. Ke2 Rcf8 36. Kd3 Re8 37. Ke4 Rf6 38. Kd3 Rxe6 39. Bxe6 Rf8 40. Ke2 Kh6 41. Bg4 Rf6 42. Rf1 Rf7 43. Kf3 Kg7 44. Re1 Kf6 45. Be6 Rf8 46. Kg4 Rh8 47. Bf5 Rf8 48. Re6+ Kf7 49. h6 Ke8 50. h7 Rh8 51. Rg6 Kf8 52. Be6 f3 53. Rg8+ 1-0